 Dungeon Crawl Stone Soup version 0.22.1-1-ga44c0e5 (webtiles) character file.

34799 empire the Carver (level 13, -1/96 HPs)
             Began as a Minotaur Fighter on Nov 6, 2018.
             Was a High Priest of Cheibriados.
             Killed by divine providence
             ... invoked by a smoke demon
              (10 damage)
             ... on level 3 of the Abyss.
             The game lasted 00:36:06 (13610 turns).

empire the Carver (Minotaur Fighter)               Turns: 13610, Time: 00:36:07

Health: -1/96      AC: 17    Str: 40    XL:     13   Next: 44%
Magic:  7/24       EV: 15    Int: 15    God:    Cheibriados [*****.]
Gold:   1185       SH: 15    Dex: 26    Spells: 21/28 levels left

rFire    + . .     SeeInvis .   b - +9 falchion (holy)
rCold    . . .     Gourm    .   c - +0 shield
rNeg     . . .     Faith    .   y - +0 plate armour
rPois    +         Spirit   .   (helmet restricted)
rElec    .         Reflect  .   i - +0 cloak {+Inv}
rCorr    .         Harm     .   r - +0 pair of gloves of Bodusaev {+Inv rF+ Str+4 Int-2} (curse)
MR       .....                  u - +0 pair of boots
Stlth    ..........             (no amulet)
HPRegen  0.00/turn              a - +4 ring of dexterity (curse)
MPRegen  0.19/turn              q - ring of poison resistance

@: about to teleport, very slightly contaminated, very slow
A: retaliatory headbutt, horns 2, [clumsy 1], [frail 1], [inhibited
regeneration]
a: Bend Time, Temporal Distortion, Slouch, Step From Time, Renounce Religion,
Evoke Invisibility


You were on level 3 of the Abyss.
You worshipped Cheibriados.
Cheibriados was extremely pleased with you.
You were not hungry.

You visited 2 branches of the dungeon, and saw 15 of its levels.
You visited the Abyss 1 time.
You also visited: Labyrinth and Ossuary.

You collected 1185 gold pieces.

Inventory:

Hand Weapons
 b - a +9 falchion of holy wrath (weapon)
 x - the +8 frozen axe "Frostbite" {freezing cloud, *Noise +Fly rC+}
   (You found it in a labyrinth)

   It has been specially enchanted to freeze those struck by it, causing extra
   injury to most foes and up to half again as much damage against particularly
   susceptible opponents.
   It can also slow down cold-blooded creatures.
   It protects you from cold.
   It lets you fly.
   It may make noises in combat.
 G - the +11 plutonium sword {*Contam Stlth-}
   (You found it on level 7 of the Dungeon)

   It causes magical contamination when unequipped.
   It makes you less stealthy.
Armour
 c - a +0 shield (worn)
 i - a +0 cloak of invisibility (worn)
 r - the cursed +0 pair of gloves of Bodusaev (worn) {+Inv rF+ Str+4 Int-2}
   (You found it on level 6 of the Dungeon)

   It affects your strength (+4).
   It affects your intelligence (-2).
   It protects you from fire.
   It lets you turn invisible.
   It has a curse placed upon it.
 u - a +0 pair of boots (worn)
 v - a +2 pair of gloves
 y - a +0 plate armour (worn)
 E - a +2 cloak
 L - +0 fire dragon scales
Magical Staves
 o - an uncursed staff of death {unknown}
 O - an uncursed staff of earth {unknown}
 P - an uncursed staff of conjuration {unknown}
Jewellery
 a - a cursed +4 ring of dexterity (left hand)
 q - a ring of poison resistance (right hand)
 w - an uncursed ring of stealth {unknown}
 M - a +3 ring of intelligence {unknown}
 R - an uncursed ring of wizardry {unknown}
Wands
 s - a wand of polymorph (11)
 t - a wand of flame (124)
 D - a wand of disintegration (46)
Scrolls
 g - 6 scrolls of remove curse
 h - 2 scrolls of teleportation
 l - 4 scrolls of immolation
 z - a scroll of vulnerability
 F - a scroll of random uselessness {unknown}
 H - 2 scrolls of enchant weapon
 I - a scroll of holy word {unknown}
 J - 4 scrolls of amnesia
 K - a scroll of enchant armour {unknown}
 N - 7 scrolls of identify
Potions
 d - a potion of might
 j - 8 potions of curing
 k - 2 potions of magic {unknown}
 m - a potion of flight
 n - 2 potions of degeneration {unknown}
 p - 5 potions of agility
 A - 4 potions of brilliance {unknown}
 B - a potion of cancellation
 S - a potion of mutation {unknown}
Miscellaneous
 Q - a lightning rod (4/4)
Comestibles
 f - 17 rations


   Skills:
 - Level 8.0 Fighting
 + Level 11.3 Long Blades
 - Level 8.0 Armour
 - Level 8.1 Dodging
 - Level 8.3 Shields
 - Level 8.0 Spellcasting
 + Level 3.3 Transmutations
 + Level 3.3 Earth Magic
 - Level 8.0 Invocations
 - Level 8.0 Evocations


You had 21 spell levels left.
You knew the following spells:

 Your Spells              Type           Power        Failure   Level  Hunger
a - Passwall              Tmut/Erth      ###.....     50%         2    None
b - Lee's Rapid Deconstr  Erth           ###.......   100%        5    #####..

Your spell library contained the following spells:

 Spells                   Type           Power        Failure   Level  Hunger
 Sandblast                Erth           ###...       36%         1    None
 Magic Dart               Conj           #...         80%         1    None
 Blink                    Tloc           N/A          91%         2    None
 Call Imp                 Summ           #.......     91%         2    None
 Corpse Rot               Necr           N/A          91%         2    None
 Slow                     Hex            #.......     91%         2    None
 Sublimation of Blood     Necr           #.........   91%         2    None
 Stone Arrow              Conj/Erth      ##....       91%         3    ##.....
 Petrify                  Tmut/Erth      ###.....     98%         4    ####...
 Conjure Flame            Conj/Fire      #.......     99%         3    ##.....
 Mephitic Cloud           Conj/Pois/Air  #.......     99%         3    ##.....
 Cause Fear               Hex            #.........   100%        4    ####...
 Agony                    Necr           #.......     100%        5    #####..
 Bolt of Draining         Conj/Necr      #.........   100%        5    #####..
 Dispel Undead            Necr           #.......     100%        5    #####..
 Excruciating Wounds      Chrm/Necr      #.........   100%        5    #####..
 Silence                  Hex/Air        #.........   100%        5    #####..
 Yara's Violent Unravell  Hex/Tmut       ##........   100%        5    #####..
 Deflect Missiles         Chrm/Air       #.........   100%        6    #######
 Discord                  Hex            #.........   100%        8    #######


Dungeon Overview and Level Annotations

Branches:
Dungeon (14/15)            Temple (1/1) D:6            Lair (0/6) D:8
    Orc (0/2) D:10         Vaults (0/5) D:13

Altars:
Ashenzari
Cheibriados
Dithmenos
Elyvilon
Fedhas
Gozag
Hepliaklqana
Kikubaaqudgha
Makhleb
Nemelex Xobeh
Okawaru
Qazlal
Ru
Sif Muna
Trog
Uskayaw
Vehumet
Wu Jian
Xom
Yredelemnul
Zin
The Shining One

Shops:
D:6 (   D:8 (

Annotations:
D:7 3 runed doors, Velaskes's ghost, novice DsCK


Innate Abilities, Weirdness & Mutations

You reflexively headbutt those who attack you in melee.
You have a pair of horns on your head.
[You are clumsy. (Dex -2)]
[You are frail. (-10% HP)]
[You do not regenerate when monsters are visible.]


Message History

Blink to where?
Press: ? - help, Dir - move target cursor You are very lightly contaminated with residual magic.
As you read the scroll of blinking, it crumbles to dust.
A smoke demon comes into view.
As you read the scroll of teleportation, it crumbles to dust.
You feel strangely unstable.
You feel the power of the Abyss delaying your translocation!
The smoke demon gestures at you. The sticky flame hits you!
You are covered in liquid flames!
You are covered in liquid flames!
* * * LOW HITPOINT WARNING * * *
The smoke demon gestures at you. Something smites you!
* * * LOW HITPOINT WARNING * * *
You are covered in liquid flames!
The smoke demon gestures at you. Something smites you!
You die...

...#(.......§§§...§...#
....§#...§§...S.§.....§
. §........#§....§ .....
.§ §................$...
.#. ......§.#......§ ...
....§§..X.#......#......
..#...........#.......##
......§§..§§§.....§....
.....§.@§3..§.§§#.....
#.§§.#§....§§§.......
....§.§............
(.#§§...§§....#.... ..
.....#...§.§...§
.§.......§......
...§..........§.#
.##§..§..§§#..


You could see a large abomination and a smoke demon.

Vanquished Creatures
  A minotaur (Lab)
  A fire dragon (D:14)
  A great orb of eyes (Abyss:3)
  Harold (D:8)
  A hydra (D:13)
  A quicksilver dragon skeleton (Abyss:3)
  A vault guard (D:13)
  2 centaur warriors
  A two-headed ogre (D:8)
  A thrashing horror (Abyss:3)
  2 wretched stars (Abyss:3)
  4 unseen horrors
  A deep elf mage (D:13)
  2 necromancers (D:13)
  2 cyclopes
  3 worldbinders (Abyss:3)
  Joseph (D:7)
  3 gargoyles
  A yaktaur (D:13)
  A freezing wraith (D:14)
  2 trolls
  A queen bee (shapeshifter) (D:12)
  A hornet (shapeshifter) (D:13)
  The ghost of Kay the Chopper, an amateur DsMo (D:3)
  A hornet (D:7)
  3 hippogriffs
  Sigmund (D:4)
  A large abomination (Abyss:3)
  A spriggan (D:8)
  2 vampires
  12 yaks
  2 wraiths
  19 humans (D:13)
  4 wyverns
  4 basilisks (Lab)
  Eustachio (D:4)
  2 vampire mosquitoes (D:13)
  3 steam dragons
  3 hungry ghosts
  A neqoxec (Abyss:3)
  A chaos spawn (Abyss:3)
  Edmund (D:4)
  A small abomination (Abyss:3)
  A water moccasin (D:10)
  3 porcupines (D:8)
  2 phantoms
  A black bear (D:8)
  4 ice beasts
  5 orc warriors
  11 ogres
  2 sky beasts
  A necrophage (D:8)
  9 centaurs
  An eye of draining (D:7)
  3 big kobolds
  Blork the orc (D:4)
  6 bullfrogs
  A wyvern skeleton (D:10)
  4 scorpions
  14 killer bees
  11 howler monkeys
  5 crimson imps
  10 starcursed masses (Abyss:3)
  A bullfrog zombie (D:7)
  A quasit (Abyss:3)
  4 centaur zombies
  5 jellies
  5 orc priests
  3 hounds
  Crazy Yiuf (D:2)
  5 centaur skeletons
  10 orc wizards
  Ijyb (D:5)
  Terence (D:2)
  5 iguanas
  9 worker ants
  A killer bee zombie (D:6)
  A big kobold zombie (Ossuary)
  2 hound zombies
  3 mummies (Ossuary)
  A worker ant zombie (D:6)
  16 adders
  A shadow imp (D:6)
  2 oozes (D:1)
  An adder zombie (D:9)
  A worm (D:3)
  A dart slug (D:6)
  5 leopard geckos
  48 orcs
  4 giant cockroaches
  10 hobgoblins
  5 jackals
  A quokka (D:9)
  2 ball pythons
  4 bats
  5 frilled lizards
  4 goblins
  3 goblin zombies (Ossuary)
  A hobgoblin zombie (Ossuary)
  14 kobolds
  5 kobold zombies (Ossuary)
  An orc zombie (Ossuary)
  A quokka skeleton (D:5)
  8 rats
  18 fungi (D:8)
  15 plants (D:8)
429 creatures vanquished.

Vanquished Creatures (others)
  A jackal (D:9)
  5 fungi
6 creatures vanquished.

Grand Total: 435 creatures vanquished

Notes
Turn   | Place    | Note
-------+----------+-------------------------------------------
     0 | D:1      | empire the Minotaur Fighter began the quest for the Orb.
     0 | D:1      | Reached XP level 1. HP: 19/19 MP: 0/0
   143 | D:1      | Reached XP level 2. HP: 24/27 MP: 1/1
   396 | D:1      | Reached skill level 3 in Long Blades
   615 | D:2      | Noticed Terence
   623 | D:2      | Killed Terence
   623 | D:2      | Reached skill level 4 in Long Blades
   623 | D:2      | Reached XP level 3. HP: 31/33 MP: 2/2
   797 | D:2      | Reached XP level 4. HP: 36/40 MP: 3/3
   895 | D:2      | Found a runed door.
  1132 | D:2      | Found a sacrificial altar of Ru.
  1151 | D:2      | Reached skill level 5 in Long Blades
  1506 | D:2      | Noticed Crazy Yiuf
  1509 | D:2      | Killed Crazy Yiuf
  1565 | D:3      | Noticed a phantom
  1720 | D:3      | Killed a phantom
  1720 | D:3      | Reached skill level 6 in Long Blades
  1720 | D:3      | Reached XP level 5. HP: 22/46 MP: 4/4
  1998 | D:3      | Reached skill level 7 in Long Blades
  1998 | D:3      | Reached XP level 6. HP: 23/52 MP: 5/5
  2398 | D:3      | Found a runed door.
  2398 | D:3      | Noticed Kay's ghost (amateur DsMo)
  2579 | D:4      | Noticed Sigmund
  2645 | D:4      | Noticed Eustachio
  2678 | D:4      | Killed Eustachio
  2678 | D:4      | Reached skill level 8 in Long Blades
  2678 | D:4      | Reached XP level 7. HP: 27/59 MP: 6/6
  2737 | D:4      | Noticed Edmund
  2750 | D:4      | Killed Edmund
  2750 | D:4      | Reached skill level 5 in Armour
  3004 | D:4      | Killed Sigmund
  3004 | D:4      | Reached skill level 5 in Shields
  3038 | D:4      | Noticed Blork the orc
  3040 | D:4      | Killed Blork the orc
  3040 | D:4      | Reached XP level 8. HP: 65/66 MP: 7/7
  3271 | D:4      | Found a glowing silver altar of Zin.
  3355 | D:5      | Entered Level 5 of the Dungeon
  3384 | D:5      | Noticed Ijyb
  3394 | D:5      | Killed Ijyb
  3686 | D:5      | Found a sand-covered staircase.
  3722 | Ossuary  | Entered an ossuary
  4044 | Ossuary  | Reached skill level 1 in Dodging
  4865 | D:6      | Found Wikaerir's Antique Weapon Emporium.
  4897 | D:6      | Reached XP level 9. HP: 71/71 MP: 8/8
  4908 | D:6      | Found a staircase to the Ecumenical Temple.
  4922 | Temple   | Entered the Ecumenical Temple
  5243 | Temple   | Became a worshipper of Cheibriados the Contemplative
  5291 | D:6      | Found a snail-covered altar of Cheibriados.
  5442 | D:6      | Got a pair of transparent gloves
  5453 | D:6      | Identified the cursed +0 pair of gloves of Bodusaev {+Inv
                  | rF+ Str+4 Int-2} (You found it on level 6 of the Dungeon)
  5617 | D:6      | Reached skill level 5 in Dodging
  5894 | D:3      | Killed Kay's ghost
  6002 | D:7      | Noticed Joseph
  6017 | D:7      | Killed Joseph
  6017 | D:7      | Reached skill level 5 in Fighting
  6044 | D:7      | Reached * piety under Cheibriados
  6201 | D:7      | Found the +11 plutonium sword {*Contam Stlth-}
  6223 | D:7      | Found a runed gate.
  6223 | D:7      | Found a runed gate.
  6223 | D:7      | Found a runed gate.
  6223 | D:7      | Noticed Velaskes's ghost (novice DsCK)
  6461 | D:8      | Identified a scroll of acquirement
  6540 | D:8      | Found Limnyar's Weapon Shop.
  6689 | D:8      | Reached ** piety under Cheibriados
  6713 | D:8      | Reached XP level 10. HP: 79/86 MP: 9/9
  6775 | D:8      | Found a staircase to the Lair.
  7154 | D:8      | Reached skill level 1 in Invocations
  7163 | D:8      | Reached skill level 1 in Evocations
  7168 | D:8      | Reached skill level 1 in Spellcasting
  7224 | D:8      | Noticed a two-headed ogre
  7232 | D:8      | Killed a two-headed ogre
  7268 | D:8      | Killed an unseen horror
  7436 | D:8      | Noticed Harold
  7458 | D:8      | Killed Harold
  7915 | D:9      | Reached *** piety under Cheibriados
  8044 | D:9      | Reached XP level 11. HP: 89/94 MP: 14/14
  8115 | D:9      | Found a blossoming altar of Fedhas.
  8154 | D:9      | You fall through a shaft for 3 floors!
  8205 | D:12     | Reached **** piety under Cheibriados
  8205 | D:12     | Reached skill level 5 in Invocations
  8270 | D:11     | Noticed a centaur warrior
  8284 | D:11     | Killed a centaur warrior
  8284 | D:11     | Reached skill level 5 in Evocations
  8338 | D:10     | Entered Level 10 of the Dungeon
  8456 | D:10     | Learned a level 2 spell: Passwall
  8462 | D:10     | Learned a level 5 spell: Lee's Rapid Deconstruction
  8525 | D:10     | Reached ***** piety under Cheibriados
  9022 | D:10     | Found a staircase to the Orcish Mines.
  9619 | D:12     | Found a burning altar of Makhleb.
  9689 | D:12     | Reached skill level 5 in Spellcasting
 10403 | D:13     | Reached XP level 12. HP: 101/101 MP: 18/18
 10496 | D:13     | Noticed a five-headed hydra
 10503 | D:13     | Killed a seven-headed hydra
 10791 | D:13     | Noticed a centaur warrior
 10801 | D:13     | Killed a centaur warrior
 10897 | D:13     | Reached ****** piety under Cheibriados
 11264 | D:13     | Found a gate to the Vaults.
 11264 | D:13     | Noticed a vault guard
 11287 | D:13     | Killed a vault guard
 11657 | D:13     | Reached skill level 9 in Long Blades
 12097 | D:14     | Noticed a fire dragon
 12111 | D:14     | Killed a fire dragon
 12153 | D:14     | Found a labyrinth entrance.
 12159 | Lab      | Entered a labyrinth
 12740 | Lab      | Noticed a minotaur
 12764 | Lab      | Killed a minotaur
 12764 | Lab      | Reached skill level 10 in Long Blades
 12792 | Lab      | Found the +8 frozen axe "Frostbite" {freezing cloud, *Noise
                  | +Fly rC+}
 12877 | D:14     | Reached XP level 13. HP: 62/107 MP: 24/24
 13013 | D:14     | Reached skill level 1 in Transmutations
 13013 | D:14     | Reached skill level 1 in Earth Magic
 13396 | D:14     | Cast into level 3 of the Abyss (a wizard)
 13436 | Abyss:3  | Noticed a starcursed mass
 13536 | Abyss:3  | Reached skill level 11 in Long Blades
 13604 | Abyss:3  | Noticed a lich
 13610 | Abyss:3  | Killed from afar by a smoke demon

Skill      XL: |  1  2  3  4  5  6  7  8  9 10 11 12 13 |
---------------+----------------------------------------+-----
Fighting       | 4 7 8 |  8.0
Armour         | 4 6 8 |  8.0
Shields        | 4 5 8 |  8.3
Long Blades    | 4 6 7 8 10 11 | 11.3
Dodging        | 3 8 |  8.1
Invocations    | 4 7 8 |  8.0
Evocations     | 4 7 8 |  8.0
Spellcasting   | 3 5 8 |  8.0
Transmutations | 3 |  3.3
Earth Magic    | 3 |  3.3

Action                   |  1- 3 |  4- 6 |  7- 9 | 10-12 | 13-15 || total
-------------------------+-------+-------+-------+-------+-------++-------
Melee: Long sword        |    66 |   152 |       |       |       ||   218
       Headbutt          |     7 |    29 |    78 |   260 |    43 ||   417
       Falchion          |       |       |   273 |   585 |    86 ||   944
 Cast: Passwall          |       |       |       |     1 |       ||     1
Invok: Slouch            |       |       |       |       |     6 ||     6
Evoke: Wand              |       |       |       |     5 |     1 ||     6
  Use: Potion            |       |       |     3 |     7 |     5 ||    15
       Scroll            |       |       |    19 |     5 |     3 ||    27
 Stab: Invisible         |       |     1 |       |       |       ||     1
       Paralysed         |       |     1 |       |       |       ||     1
       Distracted        |       |       |       |     1 |       ||     1
  Eat: Chunk             |       |     5 |    10 |    10 |       ||    25
       Ration            |       |       |     1 |     2 |       ||     3
Armor: Scale mail        |    27 |    21 |       |       |       ||    48
       Chain mail        |       |    54 |    78 |    58 |       ||   190
       Plate armour      |       |       |       |   129 |    53 ||   182
       Skin              |       |       |       |    26 |    19 ||    45
Dodge: Dodged            |    21 |    30 |    67 |   293 |    59 ||   470
Block: Shield            |    37 |    90 |   119 |   423 |    88 ||   757
       Rpst.: Long sword |     6 |     8 |       |       |       ||    14
       Falchion          |       |       |    13 |    61 |    11 ||    85
